 Dungeon Sprint DCSS version 0.17.0-24-gcfadda4 (webtiles) character file.

605 Kidiri the Covert (level 7, -7/36 HPs)
             Began as a Spriggan Enchanter on Nov 17, 2015.
             Mangled by a boulder beetle (43 damage)
             ... in the Dungeon (Sprint II: "The Violet Keep of Menkaure").
             The game lasted 00:01:35 (362 turns).

Kidiri the Covert (Spriggan Enchanter)               Turns: 362, Time: 00:01:35

Health: -7/36      AC:  3    Str:  4    XL:     7   Next: 19%
Magic:  17/19      EV: 26    Int: 17    God:
Gold:   729        SH:  0    Dex: 18    Spells: 5 memorised, 10 levels left

rFire  . . .     SeeInvis +     a - +1 dagger
rCold  . . .     Clarity  .     b - +1 robe
rNeg   . . .     SustAt   .     (shield restricted)
rPois  .         Gourm    .     (helmet restricted)
rElec  .         Spirit   .     (no cloak)
rCorr  .         Warding  .     (gloves unavailable)
rMut   .         NoTele   +     (boots unavailable)
MR     +....                    (no amulet)
Stlth  +++++.....               (no ring)
                                (no ring)

@: very quick, somewhat resistant to hostile enchantments, quite stealthy
A: unfitting armour, see invisible, herbivore 3, speed 3, slow metabolism 2
a: no special abilities


You were in the Dungeon.
You were not hungry.

You visited 1 branch You collected 729 gold pieces.

Inventory:

Hand Weapons
 a - a +1 dagger (weapon)
Armour
 b - a +1 robe (worn)
Scrolls
 j - a scroll of blinking
Potions
 e - a potion of curing
 f - a potion of heal wounds
 g - a potion of haste
 h - 2 potions of magic
 i - a potion of berserk rage
Books
 c - a book of Maledictions

   Spells                             Type                      Level
   a - Corona                         Hexes                        1
   b - Ensorcelled Hibernation        Hexes/Ice                    2
   c - Confuse                        Hexes                        3
   d - Tukima's Dance                 Hexes                        3
   e - Dazzling Spray                 Conjuration/Hexes            3
Comestibles
 d - a bread ration


   Skills:
 + Level 3.3 Fighting
 * Level 6.8 Short Blades
 + Level 3.1 Armour
 * Level 9.5 Dodging
 * Level 10.5 Stealth
 * Level 8.0 Spellcasting
 + Level 2.4 Conjurations
 + Level 6.3 Hexes
 + Level 2.9 Ice Magic


You had 10 spell levels left.
You knew the following spells:

 Your Spells              Type           Power        Failure   Level  Hunger
a - Corona                Hex            ####...      1%          1    None
b - Ensorcelled Hibernat  Hex/Ice        ###...       2%          2    None
c - Confuse               Hex            ####....     2%          3    #......
d - Tukima's Dance        Hex            ####....     2%          3    #......
e - Dazzling Spray        Conj/Hex       ###.....     8%          3    #......


Dungeon Overview and Level Annotations

Branches:
Dungeon (1/1)

Altars:

Annotations:
D exclusion: obsidian statue


Innate Abilities, Weirdness & Mutations

You are tiny and cannot use many weapons and most armour.
You have supernaturally acute eyesight.
You are a herbivore.
You cover ground extremely quickly.
You need consume almost no food.


Message History

You start resting.
The walls and floor vibrate strangely for a moment.
You start resting.
Magic restored.
There is a staircase leading out of the dungeon here.
You open the door.
There is an open door here.
You see here 243 gold pieces.
The helpless boulder beetle fails to defend itself.
You spit the boulder beetle like a pig!!!
The boulder beetle is almost dead.
Unknown command.
Casting: Confuse
Confirm with . or Enter, or press ? or * to list all spells.
Aiming: Ensorcelled Hibernation
Press: ? - help, Shift-Dir - straight line, f - boulder beetle
Aim: a boulder beetle (almost dead, chance to defeat MR: 34%)
The boulder beetle easily resists.
The boulder beetle bites you!!!
Ouch! That really hurt!
You die...

≈≈≈.........#
##+## ##.#.##
#%%#..#
#####.#####
##.###+# #.##
#.#.##.##.B.#
+###+.<.'###+
#.#.##.##@B.#
##.###+###.##
####...####
#.)#..#
##...## ##+##


You could see a boulder beetle.

Vanquished Creatures
  A siren (D)
  2 hippogriffs (D)
  4 worker ants (D)
7 creatures vanquished.

Notes
Turn   | Place    | Note
--------------------------------------------------------------
     0 | D        | Kidiri the Spriggan Enchanter began the quest for the Orb.
     0 | D        | Reached XP level 1. HP: 9/9 MP: 5/5
     1 | D        | Noticed a worker ant
     1 | D        | Noticed a worker ant
     4 | D        | Noticed a hippogriff
     4 | D        | Noticed a hippogriff
     7 | D        | Noticed a siren
    10 | D        | Noticed a boulder beetle
    10 | D        | Noticed a boulder beetle
    15 | D        | Noticed a worker ant
    15 | D        | Noticed a worker ant
    16 | D        | Killed a worker ant
    16 | D        | Reached skill level 1 in Fighting
    16 | D        | Reached skill level 1 in Armour
    16 | D        | Reached skill level 5 in Stealth
    16 | D        | Reached XP level 2. HP: 12/14 MP: 5/7
    17 | D        | Killed a worker ant
    17 | D        | Reached skill level 6 in Stealth
    17 | D        | Reached XP level 3. HP: 15/18 MP: 5/9
    19 | D        | Killed a worker ant
    19 | D        | Reached skill level 5 in Dodging
    23 | D        | Noticed an obsidian statue
    43 | D        | Learned a level 2 spell: Ensorcelled Hibernation
    47 | D        | Learned a level 3 spell: Confuse
    51 | D        | Learned a level 3 spell: Dazzling Spray
   188 | D        | Killed a worker ant
   188 | D        | Reached skill level 7 in Stealth
   188 | D        | Reached skill level 5 in Spellcasting
   188 | D        | Reached XP level 4. HP: 23/23 MP: 9/12
   219 | D        | Killed a hippogriff
   219 | D        | Reached skill level 5 in Short Blades
   219 | D        | Reached skill level 8 in Stealth
   219 | D        | Reached skill level 1 in Conjurations
   219 | D        | Reached skill level 5 in Hexes
   219 | D        | Reached skill level 1 in Ice Magic
   219 | D        | Reached XP level 5. HP: 27/27 MP: 12/14
   229 | D        | Learned a level 3 spell: Tukima's Dance
   231 | D        | Killed a hippogriff
   231 | D        | Reached skill level 9 in Stealth
   231 | D        | Reached XP level 6. HP: 30/32 MP: 14/17
   262 | D        | Killed a siren
   262 | D        | Reached skill level 10 in Stealth
   262 | D        | Reached XP level 7. HP: 36/36 MP: 5/19
   362 | D        | Mangled by a boulder beetle

Action                   |  1- 3 |  4- 6 |  7- 9 || total
-------------------------+-------+-------+-------++-------
Melee: Dagger            |     4 |     4 |     1 ||     9
 Cast: Ensorcelled Hiber |     1 |     2 |     1 ||     4
       Confuse           |       |     2 |       ||     2
       Tukima's Dance    |       |     1 |       ||     1
 Stab: Sleeping          |     4 |     2 |     1 ||     7
       Confused          |       |     1 |       ||     1
